 Dungeon Crawl Stone Soup version 0.31-a0-655-gf2d5465dac (webtiles) character file.

Game seed: 11460579163707434682

36 MacCMillion the Shield-Bearer (level 3, -9/31 HPs)
             Began as a Ghoul Fighter on Aug 30, 2023.
             Mangled by Terence
             ... wielding a +1 heavy hand axe
              (14 damage)
             ... on level 2 of the Dungeon.
             The game lasted 00:02:26 (1224 turns).

MacCMillion the Shield-Bearer (Ghoul Fighter)       Turns: 1224, Time: 00:02:26

Health: -9/31      AC:  6    Str: 21    XL:     3   Next: 37%
Magic:  2/2        EV:  9    Int:  3    God:
Gold:   100        SH:  4    Dex:  8    Spells: 2/2 levels left

rFire   . . .        a - +0 war axe
rCold   + . .        c - +0 buckler
rNeg    + + +        b - +0 scale mail
rPois   ∞            (no helmet)
rElec   .            (no cloak)
rCorr   .            (no gloves)
SInv    +            (no boots)
Will    .....        (no amulet) Stlth
                     h - ring of see invisible
HPRegen 0.00/turn    (no ring)
MPRegen 0.08/turn

%: no passive effects
@: inhibited regen
A: claws 1, cold resistance 1, negative energy resistance 3, inhibited
regeneration, torment resistance 2, devour on kill
a: no special abilities


You were on level 2 of the Dungeon.
You visited 1 branch of the dungeon, and saw 2 of its levels.

You collected 100 gold pieces.

Inventory:

Hand Weapons
 a - a +0 war axe (weapon)
Armour
 b - a +0 scale mail (worn)
 c - a +0 buckler (worn)
 g - a +0 kite shield
Jewellery
 h - a ring of see invisible (left claw)
 i - a +6 ring of intelligence
Scrolls
 e - 2 scrolls of teleportation {unknown}
 f - a scroll of torment {unknown}
 j - a scroll of identify {unknown}
Potions
 d - a potion of might
 k - 2 potions of attraction {unknown}


   Skills:
 - Level 3.2 Fighting
 + Level 2.6 Axes
 - Level 2.6 Armour
 + Level 3.3 Shields


You had 2 spell levels left.
You didn't know any spells.
Your spell library contained the following spells:

 Spells                   Type           Power      Damage    Failure   Level
 Sting                    Tmut/Pois      0%         1d3       91%         1
 Poisonous Vapours        Pois/Air       0%         N/A       97%         2
 Olgreb's Toxic Radiance  Pois           0%         N/A       100%        4


Dungeon Overview and Level Annotations

Branches:
Dungeon (2/15)

Altars:

Annotations:
D:2 1 runed translucent door, Crazy Yiuf, Sigmund, Terence


Innate Abilities, Weirdness & Mutations

You are immune to poison.
You have sharp fingernails.
Your flesh is cold resistant. (rC+)
You are immune to negative energy. (rN+++)
You do not regenerate when monsters are visible.
You are immune to unholy pain and torment.
You thrive by killing the living.


Message History

No target in view!
You see here a rat corpse.
Terence the Incautious comes into view.
He is wielding a +1 heavy hand axe and wearing a +2 ring mail of poison resistance.
Terence shouts!
You closely miss Terence. Terence closely misses you.
You closely miss Terence.
Terence hits you with a +1 heavy hand axe.
You barely miss Terence. Terence closely misses you.
You closely miss Terence.
Terence hits you with a +1 heavy hand axe!
You are too injured to fight recklessly!
You are too injured to fight recklessly!
You are too injured to fight recklessly!
You are too injured to fight recklessly!
You are too injured to fight recklessly!
You are too injured to fight recklessly!
You slash Terence!
Terence is heavily wounded.
Terence hits you with a +1 heavy hand axe.
* * * LOW HITPOINT WARNING * * *
You hit Terence.
Terence is severely wounded.
You block Terence's attack.
You hit Terence.
Terence is severely wounded.
You block Terence's attack.
You barely miss Terence.
Terence is severely wounded.
Terence says, "Rest in peace."
Terence hits you but does no damage.
You hit Terence but do no damage.
Terence is severely wounded.
You barely miss Terence.
Terence is severely wounded.
Terence hits you with a +1 heavy hand axe.
* * * LOW HITPOINT WARNING * * *
You closely miss Terence.
Terence is severely wounded.
Terence hits you with a +1 heavy hand axe!
You die...

######### ......@.# #.#
#@# #.# #.# #.# #†#
#####.##### #.#
....#.#...# #.#
###.#.#...# #.#
..#.#.#...# #.#####.##
..#.#.#...######.........
......'..................


You could see Terence.

Vanquished Creatures
  An adder (D:2)
  A worm (D:2)
  A bat (D:2)
  2 endoplasms
  A giant cockroach (D:1)
  3 goblins (D:1)
  2 hobgoblins
  2 jackals (D:1)
  4 ball pythons
  2 kobolds (D:1)
  4 rats
23 creatures vanquished.

Notes
Turn   | Place    | Note
-------+----------+-------------------------------------------
     0 | D:1      | MacCMillion the Ghoul Fighter began the quest for the Orb.
     0 | D:1      | Reached XP level 1. HP: 19/19 MP: 0/0
   162 | D:1      | Reached XP level 2. HP: 23/26 MP: 1/1
   329 | D:1      | Found a faded altar of an unknown god.
   656 | D:2      | Reached XP level 3. HP: 21/31 MP: 2/2
   818 | D:2      | Noticed Sigmund
  1162 | D:2      | Found a runed translucent door.
  1163 | D:2      | Noticed Crazy Yiuf
  1213 | D:2      | Noticed Terence
  1224 | D:2      | Mangled by Terence

Illustrated notes

Levels and vault maps discovered:
D:1:      eino_arrival_tree_alley, layout_rooms, nicolae_ecumenical_lake_church
D:2:      layout_basic, uniq_crazy_yiuf_cottage, uniq_terence, uniq_sigmund

Skill      XL: |  1  2 |
---------------+-------+-----
Axes           | 2 |  2.6
Shields        | 3 |  3.3
Fighting       | |  3.2
Armour         | |  2.6

Action                     || total
---------------------------++-------
  Melee: War axe           ||    97
 Armour: Scale mail        ||    47
  Dodge: Dodged            ||    42
  Block: Buckler           ||    14

Table legend: (Time is in decaauts)
 A = Elapsed time spent in this place.
 B = Non-inter-level travel time spent in this place.
 C = Inter-level travel time spent in this place.
 D = Time resting spent in this place.
 E = Time spent auto-exploring this place.
 F = Levels seen in this place.
 G = Mean time per level.
                   A        B        C        D        E       F      G
               +--------+--------+--------+--------+--------+-----+--------+
         Total |   1266 |   1203 |     63 |    113 |    771 |   2 |  633.0 |
       Dungeon |   1266 |   1203 |     63 |    113 |    771 |   2 |  633.0 |
               +--------+--------+--------+--------+--------+-----+--------+

Top non-repeatable levels by time:
     D:1: 717 daAuts
     D:2: 549 daAuts
